 Dungeon Crawl Stone Soup version 0.30.0-29-ga12c61a403 (webtiles) character file.

Game seed: 13810897153546970147

268 hawla the Firebug (level 6, -1/32 HPs)
             Began as a Deep Elf Fire Elementalist on June 7, 2023.
             Engulfed by a cloud of flame (20 damage)
             ... on level 4 of the Dungeon.
             The game lasted 00:06:01 (2513 turns).

hawla the Firebug (Deep Elf Fire Elementalist)      Turns: 2513, Time: 00:06:02

Health: -1/32      AC:  2    Str:  5    XL:     6   Next: 1%
Magic:  4/14       EV: 12    Int: 22    God:
Gold:   143        SH:  0    Dex: 15    Spells: 6/13 levels left

rFire   . . .        i - +0 dagger
rCold   . . .        (no shield)
rNeg    . . .        a - +0 robe
rPois   .            (no helmet)
rElec   .            (no cloak)
rCorr   .            (no gloves)
SInv    .            (no boots)
Will    .....        (no amulet)
Stlth   ++           (no ring)
HPRegen 0.25/turn    (no ring)
MPRegen 0.14/turn

%: no passive effects
@: no status effects
A: no striking features
a: no special abilities


You were on level 4 of the Dungeon.
You visited 1 branch of the dungeon, and saw 5 of its levels.

You collected 143 gold pieces.

Inventory:

Hand Weapons
 d - a +0 long sword
 i - a +0 dagger (weapon)
Missiles
 q - 4 poisoned darts
Armour
 a - a +0 robe (worn)
Jewellery
 j - an amulet of reflection
 p - a +4 ring of slaying
Wands
 n - a wand of flame (24) (quivered)
Scrolls
 f - a scroll of enchant armour {unknown}
 g - 2 scrolls of teleportation {unknown}
 k - a scroll of fog {unknown}
Potions
 b - a potion of magic
 c - a potion of lignification {unknown}
 e - a potion of might {unknown}
 h - a potion of heal wounds {unknown}
 l - a potion of berserk rage {unknown}
 m - a potion of haste {unknown}
 o - a potion of ambrosia {unknown}


   Skills:
 - Level 2.6 Dodging
 - Level 3.0 Stealth
 - Level 4.1 Spellcasting
 - Level 4.4 Conjurations
 - Level 4.4 Fire Magic
 + Level 2.0 Evocations


You had 6 spell levels left.
You knew the following spells:

 Your Spells              Type           Power      Damage    Failure   Level
a - Foxfire               Conj/Fire      96%        2x1d8     1%          1
b - Scorch                Fire           48%        2d7       2%          2
c - Flame Wave            Conj/Fire      24%        2d8       19%         4

Your spell library contained the following spells:

 Spells                   Type           Power      Damage    Failure   Level
 Inner Flame              Hex/Fire       14%        N/A       13%         3
 Volatile Blastmotes      Fire/Tloc      28%        2d12      13%         3


Dungeon Overview and Level Annotations

Branches:
Dungeon (5/15)
 Temple: D:4-7

Altars:
Gozag
Okawaru
Trog
Wu Jian


Message History

You see here a +0 short sword.
An iguana comes into view.
An iguana is nearby!
Casting: Scorch (safe; 2% risk of failure)
Confirm with . or Enter, or press ? or * to list all spells.
You conjure some foxfire!
The iguana hisses angrily.
Casting: Foxfire (safe; 1% risk of failure)
Confirm with . or Enter, or press ? or * to list all spells.
The spell is extremely dangerous to miscast (19% risk of failure)!
Continue anyway?
Casting: Flame Wave (extremely dangerous; 19% risk of failure)
Press: ? - help, Dir - look around, f - activate A wave of flame ripples out!
The flame wave engulfs your foxfire.
Your foxfire completely resists.
The flame wave engulfs your foxfire.
Your foxfire completely resists. (Press . to intensify the flame waves.)
The foxfire hits the iguana but does no damage. x2
A wave of flame ripples out!
The tree burns like a torch!
A wave of flame ripples out!
The flame wave engulfs the iguana.
The iguana is moderately wounded.
The tree burns like a torch!
You finish channelling waves of flame.
Unknown command.
Casting: Flame Wave (extremely dangerous; 19% risk of failure)
Confirm with . or Enter, or press ? or * to list all spells.
You conjure some foxfire!
The iguana bites you!
The forest fire spreads!
Casting: Foxfire (safe; 1% risk of failure)
Confirm with . or Enter, or press ? or * to list all spells.
Flames lash the iguana.
The iguana is almost dead.
The iguana's fire resistance burns away.
The foxfire hits the iguana but does no damage.
The iguana is almost dead.
The foxfire hits the iguana!
The iguana is burned terribly!
You kill the iguana!
Your Evocations skill increases to level 2!
You have reached level 6!
You are engulfed in blazing flames.
Ouch! That really hurt!
You die...

###.#...##..#
##............
###..#.#.#...♣.. .#
............♣.♣. ..#
##.###.....♣.♣.♣ ..#
#.# ###..♣.♣.♣.♣ ..#
#...##..♣.♣._.♣.♣..#
#........♣.♣§♣§♣...#
#....#....♣§§§§@...#
##.#.#.#...°§§§§§...#
#..#.##..#.°§§§§.#.##
#...........§§§....#
<.##.##.#.##.###.###
#.........##.# #.#
#.#...######.# #.#
#.##.#######.# #.#
...<)........###.#


There were no monsters in sight!

Vanquished Creatures
  A scorpion (D:4)
  A hound (D:4)
  Jessica (D:3)
  Natasha (twice) (D:4)
  An iguana (D:4)
  4 adders
  2 worms (D:2)
  A dart slug (D:3)
  An orc (D:5)
  3 bats
  6 endoplasms
  2 giant cockroaches
  3 hobgoblins
  A quokka (D:3)
  2 ball pythons
  2 frilled lizards (D:2)
  3 goblins
  4 kobolds
40 creatures vanquished.

Vanquished Creatures (others)
  111 foxfires
111 creatures vanquished.

Grand Total: 151 creatures vanquished

Notes
Turn   | Place    | Note
-------+----------+-------------------------------------------
     0 | D:1      | hawla the Deep Elf Fire Elementalist began the quest for
                  | the Orb.
     0 | D:1      | Reached XP level 1. HP: 10/10 MP: 6/6
   294 | D:2      | Reached XP level 2. HP: 15/15 MP: 2/8
   297 | D:2      | Learned a level 2 spell: Scorch
   748 | D:2      | Reached XP level 3. HP: 13/19 MP: 1/10
  1018 | D:3      | Noticed Jessica
  1021 | D:3      | Killed Jessica
  1101 | D:3      | Found an ornate altar of the Wu Jian Council.
  1112 | D:3      | Reached XP level 4. HP: 24/24 MP: 9/11
  1117 | D:3      | Learned a level 4 spell: Flame Wave
  1225 | D:3      | Found a bloodstained altar of Trog.
  1330 | D:3      | Found an opulent altar of Gozag.
  1885 | D:4      | Found an iron altar of Okawaru.
  2146 | D:5      | Entered Level 5 of the Dungeon
  2219 | D:4      | Noticed a scorpion
  2226 | D:4      | Killed a scorpion
  2227 | D:4      | Reached XP level 5. HP: 16/28 MP: 2/12
  2310 | D:4      | Noticed Natasha
  2316 | D:4      | Killed Natasha
  2415 | D:4      | Noticed Natasha
  2425 | D:4      | Killed Natasha
  2426 | D:4      | Reached skill level 1 in Evocations
  2511 | D:4      | Reached XP level 6. HP: 19/32 MP: 3/14
  2513 | D:4      | Engulfed by a cloud of flame

Illustrated notes

Levels and vault maps discovered:
D:1:      saegor_arrival_simple_e, layout_basic, basic_ecumenical_altar
D:2:      layout_loops_cross, minmay_cupped
D:3:      layout_loops_ring, mainiacjoe_overflow_catch_the_wave,
          mainiacjoe_overflow_catwalk, uniq_jessica
D:4:      layout_loops_ring, okawaru_trees_2, amethyst_overflow_temple_binary,
          uniq_natasha
D:5:      layout_loops_ring, tso_oasis_becter, minmay_temple_entry_grid

Skill      XL: |  1  2  3  4  5 |
---------------+----------------+-----
Fire Magic     | 4 |  4.4
Stealth        | 3 |  3.0
Conjurations   | 4 |  4.4
Spellcasting   | 4 |  4.1
Evocations     | 2 |  2.0
Dodging        | |  2.6

Action                     |  1- 3 |  4- 6 || total
---------------------------+-------+-------++-------
  Melee: Unarmed           |     1 |       ||     1
         Long sword        |     3 |       ||     3
         Dagger            |       |    14 ||    14
   Cast: Foxfire           |    36 |    25 ||    61
         Scorch            |     4 |    15 ||    19
         Flame Wave        |       |     1 ||     1
   Stab: Sleeping          |       |     1 ||     1
 Armour: Robe              |     3 |     1 ||     4
  Dodge: Dodged            |     1 |    13 ||    14
